 Dungeon Crawl Stone Soup version 0.26-a0-651-gb41185065b (webtiles) character file.

Game seed: 11014935456329986155

165 Flugslaktarn the Covered (level 5, -2/50 HPs)
             Began as a Deep Dwarf Fighter on Oct 6, 2020.
             Slain by an ogre
             ... wielding a +0 giant spiked club
              (14 damage)
             ... on level 4 of the Dungeon.
             The game lasted 00:00:20 (279 turns).

Flugslaktarn the Covered (Deep Dwarf Fighter)        Turns: 279, Time: 00:00:20

Health: -2/50      AC:  7    Str: 21    XL:     5   Next: 21%
Magic:  5/5        EV:  7    Int:  8    God:
Gold:   69         SH:  9    Dex: 12    Spells: 4/4 levels left

rFire    . . .     SeeInvis .   a - +0 war axe
rCold    . . .     Faith    .   c - +0 kite shield
rNeg     . . .     Spirit   .   b - +0 scale mail
rPois    .         Reflect  .   (no helmet)
rElec    .         Harm     .   (no cloak)
rCorr    .         Rampage  .   (no gloves)
MR       .....                  (no boots)
Stlth    ..........             (no amulet)
HPRegen  0.00/turn              (no ring)
MPRegen  0.09/turn              (no ring)

@: non-regenerating
A: damage resistance, heal wounds, sense surroundings 1, no regeneration
a: Heal Wounds


You were on level 4 of the Dungeon.
You visited 1 branch of the dungeon, and saw 4 of its levels.

You collected 69 gold pieces.

Inventory:

Hand Weapons
 a - a +0 war axe (weapon)
Armour
 b - a +0 scale mail (worn)
 c - a +0 kite shield (worn)
Scrolls
 h - a scroll of noise {unknown}
 i - a scroll of identify {unknown}
 j - a scroll of enchant armour {unknown}
 k - a scroll of immolation {unknown}
Potions
 d - a potion of might
 e - a potion of lignification {unknown}
 f - a potion of haste {unknown}
 g - a potion of brilliance {unknown}


   Skills:
 * Level 3.8 Fighting
 * Level 3.9 Axes
 + Level 4.0 Armour
 + Level 4.0 Shields


You had 4 spell levels left.
You didn't know any spells.
Your spell library was empty.

Dungeon Overview and Level Annotations

Branches:
Dungeon (4/15)
 Temple: D:4-7

Altars:

Annotations:
D:4 Ijyb


Innate Abilities, Weirdness & Mutations

You are resistant to damage.
You can heal yourself by infusing magical energy.
You passively map a small area around you.
You do not regenerate.


Message History

Ijyb hits you but does no damage. The orc hits you but does no damage.
You block something's attack. The hound barely misses you.
You slash the hound!
You kill the hound!
Your Armour skill increases to level 4!
You have reached level 5!
You closely miss the orc. You hit the ogre. You miss something.
You slash the orc!
You kill the orc!
Your Shields skill increases to level 4!
You hit Ijyb. Something hits you but does no damage.
The ogre hits you with a +0 giant spiked club!!
* * * LOW HITPOINT WARNING * * *
The orc closely misses you. You block Ijyb's attack.
You block something's attack. Ijyb hits you with a +0 club.
You hear the slow hiss of a distant avalanche of sand.
Something hits you but does no damage.
You fail to use your ability.
The ogre hits you with a +0 giant spiked club!
You die...

* * , ############# * ,
#............ , ,
#............ * ⌠ ,,,
#............ * #,* *
#............ #.####
#...@{....... #.#..###
#..goOo......
#.#.)'(###....[)......
#.####................
* * * #####............
, *
*..########............
...............####...
.................# ..),
#.................# ..
,


You could see an ogre, Ijyb, an orc wizard and an orc.

Vanquished Creatures
  A bullfrog (D:4)
  A hound (D:4)
  A centaur skeleton (D:4)
  An adder (D:3)
  2 worms
  2 dart slugs (D:1)
  2 orcs (D:4)
  2 goblins (D:1)
  3 hobgoblins
  4 jackals (D:1)
  3 kobolds
  2 bats (D:1)
24 creatures vanquished.

Notes
Turn   | Place    | Note
-------+----------+-------------------------------------------
     0 | D:1      | Flugslaktarn the Deep Dwarf Fighter began the quest for the
                  | Orb.
     0 | D:1      | Reached XP level 1. HP: 20/20 MP: 1/1
    36 | D:1      | Reached XP level 2. HP: 24/27 MP: 2/2
   162 | D:3      | Reached XP level 3. HP: 28/34 MP: 3/3
   212 | D:4      | Noticed a bullfrog
   219 | D:4      | Killed a bullfrog
   219 | D:4      | Reached XP level 4. HP: 31/42 MP: 4/4
   265 | D:4      | Noticed an ogre
   269 | D:4      | Noticed Ijyb
   277 | D:4      | Reached XP level 5. HP: 33/50 MP: 5/5
   279 | D:4      | Slain by an ogre

Illustrated notes

Levels and vault maps discovered:
D:1:      dpeg_arrival_tiny_g, layout_basic, minivault_4
D:2:      layout_loops_ring
D:3:      layout_loops_ring
D:4:      layout_basic, lemuel_blue_sif_altar, amethyst_overflow_temple_binary,
          zin_treasury, serial_shops, kennysheep_mini,
          chequers_ossuary_entry_cave, nrook_campfire, corexii_checkpoint_a,
          uniq_menkaure, uniq_robin, uniq_ijyb

Skill      XL: |  1  2  3  4  5 |
---------------+----------------+-----
Fighting       | 3 |  3.8
Axes           | 3 |  3.9
Armour         | 4 |  4.0
Shields        | 4 |  4.0

Action                   |  1- 3 |  4- 6 || total
-------------------------+-------+-------++-------
Melee: War axe           |    58 |    19 ||    77
 Abil: Heal Wounds       |       |     1 ||     1
Armor: Scale mail        |    55 |    15 ||    70
Dodge: Dodged            |    18 |    10 ||    28
Block: Kite shield       |    43 |    17 ||    60

Table legend: (Time is in decaauts)
 A = Elapsed time spent in this place.
 B = Non-inter-level travel time spent in this place.
 C = Inter-level travel time spent in this place.
 D = Time resting spent in this place.
 E = Time spent auto-exploring this place.
 F = Levels seen in this place.
 G = Mean time per level.
                   A        B        C        D        E       F      G
               +--------+--------+--------+--------+--------+-----+--------+
         Total |    311 |    286 |     25 |      0 |    117 |   4 |   77.8 |
       Dungeon |    311 |    286 |     25 |      0 |    117 |   4 |   77.8 |
               +--------+--------+--------+--------+--------+-----+--------+

Top non-repeatable levels by time:
     D:1: 152 daAuts
     D:4: 101 daAuts
     D:3: 43 daAuts
     D:2: 13 daAuts
